[Event "EYCC 2017"]
[Site "Mamaia"]
[Date "2017.09.07"]
[Round "3"]
[White "Muetsch, Annmarie"]
[Black "Nastase, Andreea-Cristina"]
[Result "1/2-1/2"]
[ECO "B35"]
[WhiteElo "2137"]
[BlackElo "1986"]
[Annotator "NA"]
[PlyCount "103"]
[EventDate "2017.??.??"]
[EventType "swiss"]
[EventCountry "ROU"]
[SourceTitle "playchess.com"]
[Source "ChessBase"]
[SourceQuality "1"]
[TimeControl "40/5400+30:1800+30"]

1. e4 c5 2. Nf3 Nc6 3. d4 cxd4 4. Nxd4 g6 5. Nc3 Bg7 6. Be3 Nf6 7. Bc4 Qa5 8. O-O O-O 9. Bb3 d6 10. h3 Bd7 11. Re1 Rfc8 12. Nf3 h6 13. Qe2 Qh5 14. Rad1 g5 15. Nd4 Qxe2 16. Rxe2 Na5 17. Nf5 Bxf5 18. exf5 Nxb3 19. axb3 Nd7 20. Nd5 Kf8 21. Bd4 Be5 22. c4 e6 23. fxe6 fxe6 24. Nc3 Ke7 25. Nb5 a6 26. Bxe5 dxe5 27. Nc3 Rab8 28. Red2 Rc7 29. Rd6 b5 30. Rxa6 bxc4 31. bxc4 Rxb2 32. Rdd6 Nc5 33. Rac6 Rxc6 34. Rxc6 Nd3 35. Ne4 Re2 36. Nc5 Re1+ 37. Kh2 Nxc5 38. Rxc5 Rc1 39. Rc8 h5 40. c5 g4 41. hxg4 hxg4 42. Kg3 Kd7 43. Rg8 Rxc5 44. Kxg4 Rc4+ 45. Kf3 Ke7 46. Rg6 Kf7 47. Rh6 Rf4+ 48. Ke3 Rb4 49. f3 Ra4 50. g4 Rf4 51. Rh5 Kf6 52. Rh6+ 1/2-1/2

[Event "EYCC 2017"]
[Site "Mamaia"]
[Date "2017.09.07"]
[Round "3"]
[White "Eizaguerri Floris, Maria"]
[Black "Bui, Ngoc Han Julia"]
[Result "1-0"]
[ECO "B22"]
[WhiteElo "2098"]
[BlackElo "1850"]
[Annotator "NA"]
[PlyCount "79"]
[EventDate "2017.??.??"]
[EventType "swiss"]
[EventCountry "ROU"]
[SourceTitle "playchess.com"]
[Source "ChessBase"]
[SourceQuality "1"]
[TimeControl "40/5400+30:1800+30"]

1. e4 c5 2. c3 e6 3. d4 d5 4. exd5 exd5 5. Nf3 Nc6 6. Be2 Bd6 7. O-O Nge7 8. dxc5 Bxc5 9. Nd4 Bxd4 10. cxd4 Qb6 11. Nc3 Qxd4 12. Nb5 Qxd1 13. Rxd1 O-O 14. Nc7 Rb8 15. Bf4 Ng6 16. Bd6 Rd8 17. Bg3 Bf5 18. Nb5 Nge5 19. Nxa7 f6 20. Nb5 Rbc8 21. f4 Ng4 22. Bf3 Ne3 23. Rd2 Bg6 24. b3 Nb4 25. Bf2 Nec2 26. Rad1 Bf7 27. a3 Na6 28. Bb6 Re8 29. Nd6 Ne3 30. Ra1 Rc6 31. Nxe8 Rxb6 32. Re1 Re6 33. Kf2 Rxe8 34. Rxe3 Rd8 35. b4 Nc7 36. Re7 Nb5 37. Rxb7 Nxa3 38. Ra2 Nc4 39. Raa7 Nd6 40. Rd7 1-0

[Event "EYCC 2017"]
[Site "Mamaia"]
[Date "2017.09.07"]
[Round "3"]
[White "Redondo Benavente, Ana"]
[Black "Maltsevskaya, Aleksandra"]
[Result "0-1"]
[ECO "A45"]
[WhiteElo "2087"]
[BlackElo "2271"]
[Annotator "NA"]
[PlyCount "78"]
[EventDate "2017.??.??"]
[EventType "swiss"]
[EventCountry "ROU"]
[SourceTitle "playchess.com"]
[Source "ChessBase"]
[SourceQuality "1"]
[TimeControl "40/5400+30:1800+30"]

1. d4 Nf6 2. Bf4 d6 3. Nc3 Nbd7 4. Nf3 g6 5. e4 Bg7 6. Qd2 O-O 7. Bh6 e5 8. Bxg7 Kxg7 9. O-O-O Qe7 10. h4 h5 11. Ng5 c6 12. f4 b5 13. f5 b4 14. Ne2 c5 15. dxe5 dxe5 16. Ng3 Nb6 17. Be2 Bd7 18. Qd6 Rae8 19. Rhf1 c4 20. Qxe7 Rxe7 21. c3 bxc3 22. bxc3 Na4 23. Kc2 Nc5 24. Bxc4 Ng4 25. Kd2 f6 26. Nh3 Ba4 27. Rb1 Rd8+ 28. Ke2 Bc2 29. Rb2 Nxe4 30. Nxh5+ gxh5 31. Rxc2 Ng3+ 32. Kf3 Nxf1 33. Bxf1 e4+ 34. Ke2 Rd3 35. Nf4 Re3+ 36. Kd1 Rd7+ 37. Rd2 Rb7 38. Kc2 Re1 39. Bc4 Ne3# 0-1

[Event "EYCC 2017"]
[Site "Mamaia"]
[Date "2017.09.07"]
[Round "3"]
[White "Sjoberg, Isak"]
[Black "Mis, Mieszko"]
[Result "1/2-1/2"]
[ECO "B53"]
[WhiteElo "2078"]
[BlackElo "2245"]
[Annotator "NA"]
[PlyCount "107"]
[EventDate "2017.??.??"]
[EventType "swiss"]
[EventCountry "ROU"]
[SourceTitle "playchess.com"]
[Source "ChessBase"]
[SourceQuality "1"]
[TimeControl "40/5400+30:1800+30"]

1. e4 c5 2. Nf3 d6 3. d4 cxd4 4. Qxd4 Nc6 5. Bb5 Bd7 6. Bxc6 Bxc6 7. Nc3 Nf6 8. Bg5 e6 9. O-O-O Be7 10. Qd3 Qa5 11. h4 O-O 12. Nd4 Rac8 13. f4 a6 14. Kb1 Qc7 15. Bxf6 Bxf6 16. g4 Rfe8 17. g5 Bxd4 18. Qxd4 e5 19. Qf2 exf4 20. Qxf4 Bxe4 21. Nxe4 Qxc2+ 22. Ka1 Qxe4 23. Qxd6 a5 24. h5 Qe5 25. Qd2 Qe3 26. Qxa5 Ra8 27. Rhe1 Rxa5 28. Rxe3 Rea8 29. Ra3 Rxa3 30. bxa3 Kf8 31. Rd7 Rxa3 32. Rxb7 Ra5 33. Rb8+ Ke7 34. Rh8 Rxg5 35. Rxh7 Rg2 36. h6 gxh6 37. Rxh6 f5 38. Kb1 f4 39. Rh3 Ke6 40. Kc1 Rg3 41. Rh8 Ke5 42. Kd2 Ke4 43. Ke2 Rg2+ 44. Kf1 Rxa2 45. Rh3 Kf5 46. Rc3 Kg4 47. Rb3 Ra4 48. Kf2 f3 49. Rb8 Ra2+ 50. Kf1 Ra5 51. Rg8+ Rg5 52. Rxg5+ Kxg5 53. Kf2 Kg4 54. Kf1 1/2-1/2

[Event "EYCC 2017"]
[Site "Mamaia"]
[Date "2017.09.07"]
[Round "3"]
[White "Bilych, Olexiy"]
[Black "De Boer, Eelke"]
[Result "0-1"]
[ECO "B90"]
[WhiteElo "2075"]
[BlackElo "2233"]
[Annotator "NA"]
[PlyCount "106"]
[EventDate "2017.??.??"]
[EventType "swiss"]
[EventCountry "ROU"]
[SourceTitle "playchess.com"]
[Source "ChessBase"]
[SourceQuality "1"]
[TimeControl "40/5400+30:1800+30"]

1. e4 c5 2. Nf3 d6 3. d4 cxd4 4. Nxd4 Nf6 5. Nc3 a6 6. h3 e6 7. g4 d5 8. Nde2 Bb4 9. Bg5 Nc6 10. exd5 Qxd5 11. Qxd5 Nxd5 12. Bd2 Nb6 13. b3 e5 14. O-O-O Be6 15. Be3 Nd7 16. Bg2 Rc8 17. Kb2 O-O 18. Ne4 f6 19. a3 Be7 20. Nd6 Rc7 21. c4 g6 22. Bd5 Bxd5 23. Rxd5 Bxd6 24. Rxd6 Kf7 25. Rhd1 Ncb8 26. Nc3 Re8 27. Ba7 Ke7 28. R6d2 Rc6 29. Nd5+ Ke6 30. Nb4 Rc7 31. Bb6 Nxb6 32. Rd6+ Kf7 33. Rxb6 Re6 34. Rxe6 Kxe6 35. Rd8 Nc6 36. Nxc6 Rxc6 37. Re8+ Kf7 38. Rh8 Kg7 39. Rb8 Rc7 40. Kc3 Rd7 41. Kb4 f5 42. gxf5 gxf5 43. Ka5 e4 44. Kb6 f4 45. Re8 e3 46. f3 Kf7 47. Re4 Re7 48. Rxf4+ Ke8 49. Rg4 e2 50. Rg1 e1=Q 51. Rxe1 Rxe1 52. Kxb7 Re3 53. b4 Rxa3 0-1

[Event "EYCC 2017"]
[Site "Mamaia"]
[Date "2017.09.07"]
[Round "3"]
[White "Tadic, Stefan"]
[Black "Pham, Khoi"]
[Result "1-0"]
[ECO "B46"]
[WhiteElo "2074"]
[BlackElo "1895"]
[Annotator "NA"]
[PlyCount "69"]
[EventDate "2017.??.??"]
[EventType "swiss"]
[EventCountry "ROU"]
[SourceTitle "playchess.com"]
[Source "ChessBase"]
[SourceQuality "1"]
[TimeControl "40/5400+30:1800+30"]

1. e4 c5 2. Nf3 Nc6 3. d4 cxd4 4. Nxd4 e6 5. Nc3 a6 6. Be2 Nge7 7. Nb3 Ng6 8. O-O b5 9. Be3 Be7 10. a4 b4 11. a5 Bg5 12. Bb6 Qf6 13. Na4 O-O 14. Bc5 d6 15. Qxd6 Nce5 16. Qd1 Rd8 17. Bd4 Nf4 18. Kh1 Qg6 19. Bf3 f6 20. Nb6 Rb8 21. c3 Nxf3 22. Qxf3 e5 23. Be3 h5 24. h3 Kf7 25. Bxf4 Bxf4 26. Qe2 Be6 27. Nc5 Rd2 28. Qxa6 Re8 29. Nc4 Rxf2 30. Rxf2 Qg3 31. Rxf4 Bxh3 32. Nd6+ Kg8 33. Qe2 exf4 34. Nxe8 Bg4 35. Qe1 1-0

[Event "EYCC 2017"]
[Site "Mamaia"]
[Date "2017.09.07"]
[Round "3"]
[White "Shpanko, Nadiia"]
[Black "Cramling Bellon, Anna"]
[Result "1-0"]
[ECO "B92"]
[WhiteElo "2065"]
[BlackElo "1926"]
[Annotator "NA"]
[PlyCount "81"]
[EventDate "2017.??.??"]
[EventType "swiss"]
[EventCountry "ROU"]
[SourceTitle "playchess.com"]
[Source "ChessBase"]
[SourceQuality "1"]
[TimeControl "40/5400+30:1800+30"]

1. e4 c5 2. Nf3 d6 3. d4 cxd4 4. Nxd4 Nf6 5. Nc3 a6 6. Be2 e5 7. Nf3 h6 8. a4 {[%emt 0:01:29] LiveBook: 18 Games} b6 $16 (8... Nc6 $11) 9. Be3 Bb7 10. Nd2 Nbd7 11. O-O Be7 12. f3 O-O 13. Nc4 Qc7 14. Qd2 Nc5 15. b4 Ncd7 16. Rfd1 Rfd8 17. Bf1 Rab8 18. Bf2 Kh7 19. Ra3 a5 20. Nb5 Qc6 21. bxa5 d5 22. exd5 Nxd5 23. Raa1 Nf4 24. Be3 Nc5 25. Qf2 Qg6 26. Kh1 Qh5 27. Bxf4 exf4 28. Rxd8 Rxd8 29. Qe2 Ne6 30. axb6 Bc5 31. Rd1 Re8 32. Nbd6 Ng5 33. Qd3+ Kh8 34. Nxb7 Bf2 35. Nbd6 Bg3 36. h3 Rd8 37. Qf5 Qh4 38. Qg4 Nxh3 39. Qxh4 Nf2+ 40. Kg1 Bxh4 41. Rd2 1-0

[Event "EYCC 2017"]
[Site "Mamaia"]
[Date "2017.09.07"]
[Round "3"]
[White "Chyzy, Jakub"]
[Black "Unneland, Mathias"]
[Result "1-0"]
[ECO "C02"]
[WhiteElo "2060"]
[BlackElo "1883"]
[Annotator "NA"]
[PlyCount "117"]
[EventDate "2017.??.??"]
[EventType "swiss"]
[EventCountry "ROU"]
[SourceTitle "playchess.com"]
[Source "ChessBase"]
[SourceQuality "1"]
[TimeControl "40/5400+30:1800+30"]

1. e4 e6 2. d4 d5 3. e5 c5 4. c3 Nc6 5. Nf3 Qb6 6. Bd3 Bd7 7. dxc5 Bxc5 8. O-O f6 9. b4 Be7 10. b5 Nd8 11. a4 Nf7 12. Bf4 fxe5 13. Nxe5 Nf6 14. Nxf7 Kxf7 15. Nd2 Bd6 16. Bxd6 Qxd6 17. Nf3 e5 18. Ng5+ Kf8 19. Re1 Re8 20. Bc2 h6 21. Ne4 Qe6 22. Nxf6 gxf6 23. Bb3 Qf7 24. Qxd5 Be6 25. Qc5+ Qe7 26. Qxe7+ Rxe7 27. Bxe6 Rxe6 28. f4 Ke7 29. fxe5 fxe5 30. Re4 Rd8 31. Rae1 Rd5 32. c4 Rc5 33. g4 a6 34. h4 Kf6 35. Kf2 Rc7 36. Ke3 axb5 37. axb5 b6 38. Rf1+ Ke7 39. Rf5 Kd6 40. Kf3 Ra7 41. Re3 Rc7 42. Rd3+ Ke7 43. Rc3 Kd6 44. Ke4 Rg7 45. g5 hxg5 46. hxg5 Kc5 47. Rf6 Kd6 48. Kf5 Rxf6+ 49. gxf6 Rg1 50. Rd3+ Kc5 51. Rd5+ Kxc4 52. Rxe5 Rg8 53. f7 Rg1 54. Kf6 Rf1+ 55. Rf5 Rxf5+ 56. Kxf5 Kxb5 57. f8=Q Ka4 58. Qf6 b5 59. Qb2 1-0

[Event "EYCC 2017"]
[Site "Mamaia"]
[Date "2017.09.07"]
[Round "3"]
[White "Krasteva, Beloslava"]
[Black "Ciolacu, Alessia-Mihaela"]
[Result "1-0"]
[ECO "E47"]
[WhiteElo "2048"]
[BlackElo "1787"]
[Annotator "NA"]
[PlyCount "83"]
[EventDate "2017.??.??"]
[EventType "swiss"]
[EventCountry "ROU"]
[SourceTitle "playchess.com"]
[Source "ChessBase"]
[SourceQuality "1"]
[TimeControl "40/5400+30:1800+30"]

1. d4 Nf6 2. c4 e6 3. Nc3 Bb4 4. e3 O-O 5. Bd3 Re8 6. e4 d5 7. e5 dxc4 8. Bxc4 Nfd7 9. a3 Bf8 10. Nf3 c5 11. dxc5 Nxc5 12. O-O a6 13. Qe2 b5 14. Ba2 Bb7 15. Rd1 Qc7 16. Bf4 Nc6 17. Rac1 f6 18. b4 Na4 19. Nxa4 bxa4 20. Bg3 Qf7 21. Qc2 fxe5 22. Ng5 Qh5 23. Nxe6 Kh8 24. Rd7 Rxe6 25. Bxe6 Nd4 26. Qd1 Ne2+ 27. Kf1 Nxg3+ 28. fxg3 Qg6 29. Rxb7 Qxe6 30. Kg1 a5 31. Qxa4 Qh6 32. Rf1 Qa6 33. Rbf7 Bd6 34. Qd7 Qb6+ 35. Kh1 Rd8 36. bxa5 Qb8 37. Qc6 Bxa3 38. a6 Kg8 39. a7 Qa8 40. Qe6 Kh8 41. Qxe5 Bf8 42. Rxf8+ 1-0

[Event "EYCC 2017"]
[Site "Mamaia"]
[Date "2017.09.07"]
[Round "3"]
[White "Asatryan, Sona"]
[Black "Kubicka, Anna"]
[Result "1/2-1/2"]
[ECO "B20"]
[WhiteElo "2043"]
[BlackElo "2221"]
[Annotator "NA"]
[PlyCount "110"]
[EventDate "2017.??.??"]
[EventType "swiss"]
[EventCountry "ROU"]
[SourceTitle "playchess.com"]
[Source "ChessBase"]
[SourceQuality "1"]
[TimeControl "40/5400+30:1800+30"]

1. e4 c5 2. Ne2 Nf6 3. Nbc3 d6 4. g3 g6 5. Bg2 Bg7 6. O-O O-O 7. d3 Nc6 8. Bg5 Rb8 9. Qd2 b5 10. Bh6 b4 11. Nd1 d5 12. Bxg7 Kxg7 13. exd5 Nxd5 14. c4 bxc3 15. Nexc3 Be6 16. Ne4 Qb6 17. Rc1 Nf6 18. Nxc5 Nd4 19. b3 Bh3 20. Qb2 Bxg2 21. Kxg2 Rfd8 22. Ne3 Kg8 23. Rc4 Qd6 24. Ne4 Qb6 25. Nc5 Qd6 26. Ne4 Qb6 27. Nc5 Qc6+ 28. Ne4 Qb6 29. Nc2 Nxc2 30. Nxf6+ exf6 31. Qxc2 Qb7+ 32. Kg1 Qf3 33. Rf4 Qd5 34. Qc4 Qd6 35. Rc1 Rb6 36. d4 Ra6 37. Qc5 Rxa2 38. Re4 Kg7 39. Re7 Qxd4 40. Qxd4 Rxd4 41. Rcc7 Kh6 42. Rxf7 Kg5 43. Rxa7 Rb2 44. Ra4 Rxa4 45. bxa4 h5 46. Kg2 Ra2 47. h4+ Kf5 48. Ra7 g5 49. Ra5+ Kg4 50. Rb5 Rc2 51. a5 Ra2 52. Rc5 gxh4 53. Rc4+ Kg5 54. Rxh4 Rxa5 55. Rb4 Ra3 1/2-1/2

[Event "EYCC 2017"]
[Site "Mamaia"]
[Date "2017.09.07"]
[Round "3"]
[White "Mironenko, Galina"]
[Black "Zavivaeva, Emilia"]
[Result "1-0"]
[ECO "E01"]
[WhiteElo "2035"]
[BlackElo "1582"]
[Annotator "NA"]
[PlyCount "109"]
[EventDate "2017.??.??"]
[EventType "swiss"]
[EventCountry "ROU"]
[SourceTitle "playchess.com"]
[Source "ChessBase"]
[SourceQuality "1"]
[TimeControl "40/5400+30:1800+30"]

1. g3 Nf6 2. Bg2 e6 3. c4 d5 4. d4 dxc4 5. Qa4+ Bd7 6. Qxc4 Bc6 7. Nf3 Bd5 8. Qa4+ Nc6 9. O-O Bd6 10. Nc3 O-O 11. Bg5 h6 12. Bxf6 Qxf6 13. e4 b5 14. Qxb5 Rab8 15. Qe2 Nxd4 16. Nxd4 Qxd4 17. exd5 exd5 18. Bxd5 Bb4 19. Rad1 Qf6 20. Qf3 Qg6 21. Qe4 Qf6 22. Qd4 Bxc3 23. bxc3 Qg6 24. Qxa7 c6 25. Bb3 Rb5 26. Qe3 Rh5 27. Qf3 Rf5 28. Qe4 Qf6 29. Bc2 g6 30. Qd4 Qxd4 31. Rxd4 Rc5 32. c4 Ra5 33. Bb3 Rf5 34. Rfd1 h5 35. Rd8 h4 36. Kg2 h3+ 37. Kf1 Rf3 38. Ke2 Rf5 39. f4 g5 40. Kf3 gxf4 41. gxf4 Rxd8 42. Rxd8+ Kg7 43. Rd6 c5 44. Rd5 Rf6 45. Rxc5 Rd6 46. Rd5 Re6 47. c5 Re1 48. Rd1 Re8 49. c6 Kf6 50. Rd7 Rc8 51. c7 Kf5 52. Bc4 f6 53. Ba6 Ke6 54. Bxc8 Kf5 55. Rg7# 1-0

[Event "EYCC 2017"]
[Site "Mamaia"]
[Date "2017.09.07"]
[Round "3"]
[White "Rogozenco, Teodora"]
[Black "Rozman, Monika"]
[Result "1-0"]
[ECO "D85"]
[WhiteElo "2024"]
[BlackElo "2194"]
[Annotator "NA"]
[PlyCount "107"]
[EventDate "2017.??.??"]
[EventType "swiss"]
[EventCountry "ROU"]
[SourceTitle "playchess.com"]
[Source "ChessBase"]
[SourceQuality "1"]
[TimeControl "40/5400+30:1800+30"]

1. d4 Nf6 2. c4 g6 3. Nc3 d5 4. Nf3 Bg7 5. cxd5 Nxd5 6. e4 Nxc3 7. bxc3 c5 8. Rb1 O-O 9. Be2 Nc6 10. d5 Bxc3+ 11. Bd2 Bxd2+ 12. Qxd2 Nd4 13. Nxd4 cxd4 14. Qxd4 Qa5+ 15. Qd2 Qxd2+ 16. Kxd2 Rd8 17. Ke3 b6 18. Rbc1 Kf8 19. Rc7 Bd7 20. Ba6 Bc8 21. Bb5 a6 22. Bc6 Rb8 23. Kf4 h6 24. h4 b5 25. Ra7 f6 26. g4 Rd6 27. f3 h5 28. Re1 b4 29. e5 fxe5+ 30. Rxe5 b3 31. axb3 e6 32. gxh5 gxh5 33. Rxh5 Kg8 34. Ke5 Rxd5+ 35. Bxd5 exd5 36. Rg5+ Kh8 37. Rgg7 Rxb3 38. Rge7 Re3+ 39. Kd4 Re6 40. Rh7+ Kg8 41. Rhc7 Re8 42. Ra8 Bd7 43. Rxe8+ Bxe8 44. Kxd5 Bh5 45. f4 Bd1 46. Ra7 Be2 47. Ke5 Bd3 48. Kf6 Bb5 49. f5 Bc4 50. h5 a5 51. h6 Kh8 52. Kg6 a4 53. Ra8+ Bg8 54. h7 1-0

[Event "EYCC 2017"]
[Site "Mamaia"]
[Date "2017.09.07"]
[Round "3"]
[White "Bulatova, Kamaliya"]
[Black "Sosnina, Ekaterina"]
[Result "1-0"]
[ECO "A53"]
[WhiteElo "2014"]
[BlackElo "1775"]
[Annotator "NA"]
[PlyCount "63"]
[EventDate "2017.??.??"]
[EventType "swiss"]
[EventCountry "ROU"]
[SourceTitle "playchess.com"]
[Source "ChessBase"]
[SourceQuality "1"]
[TimeControl "40/5400+30:1800+30"]

1. d4 Nf6 2. c4 d6 3. Nc3 e5 4. d5 Be7 5. e4 O-O 6. Nf3 Bg4 7. h3 Bxf3 8. Qxf3 Nfd7 9. h4 $16 a5 10. Bd3 Nc5 11. Bc2 Nbd7 12. Be3 c6 13. g4 Qb6 14. O-O-O a4 15. g5 Qb4 16. a3 Qxc4 17. h5 b5 18. dxc6 b4 19. Qe2 Nb3+ 20. Bxb3 Qxb3 21. Nd5 bxa3 22. Nxe7+ Kh8 23. Kb1 Rfb8 24. cxd7 axb2 25. Nc8 Rxc8 26. dxc8=Q+ Rxc8 27. Qxb2 Qc4 28. Rc1 Qxe4+ 29. Ka1 Ra8 30. Qc2 Qb7 31. Qc7 Qa6 32. Rc6 1-0

[Event "EYCC 2017"]
[Site "Mamaia"]
[Date "2017.09.07"]
[Round "3"]
[White "Srdanovic, Jovana"]
[Black "Dejanovic, Tereza"]
[Result "1-0"]
[ECO "D00"]
[WhiteElo "1994"]
[BlackElo "1808"]
[Annotator "NA"]
[PlyCount "101"]
[EventDate "2017.??.??"]
[EventType "swiss"]
[EventCountry "ROU"]
[SourceTitle "playchess.com"]
[Source "ChessBase"]
[SourceQuality "1"]
[TimeControl "40/5400+30:1800+30"]

1. d4 d5 2. Bf4 e6 3. e3 Bd6 4. Bg3 Nf6 5. Nd2 O-O 6. Ngf3 c5 7. c3 Nc6 8. Bd3 b6 9. e4 dxe4 10. Nxe4 Be7 11. dxc5 bxc5 12. Nxf6+ Bxf6 13. Be4 Qb6 14. Qc2 h6 15. O-O Bb7 16. Rfd1 Rfd8 17. Bf4 Ne7 18. Bxb7 Qxb7 19. Qb3 Qc6 20. Qc4 Rd5 21. Rd2 Rad8 22. Rad1 Qb6 23. Qb3 R8d7 24. Qc2 Qa5 25. Qb3 Qb6 26. Qa3 Rxd2 27. Rxd2 Rxd2 28. Nxd2 Qb5 29. Ne4 Qe2 30. Ng3 Qd1+ 31. Nf1 Qc2 32. Bb8 Nc6 33. Bg3 Ne5 34. Bxe5 Bxe5 35. Qxc5 Bf6 36. Qb4 Qc1 37. g3 Qb1 38. a4 Qc1 39. a5 Kh7 40. a6 Bd8 41. Qe4+ f5 42. Qxe6 Qb1 43. Kg2 Bb6 44. b4 Qc2 45. Ne3 Qxc3 46. Qxf5+ Kg8 47. Qe6+ Kh8 48. Qe8+ Kh7 49. Qe4+ Kh8 50. Nd5 Bd4 51. Nxc3 1-0

[Event "EYCC 2017"]
[Site "Mamaia"]
[Date "2017.09.07"]
[Round "3"]
[White "Kalinowska, Zuzanna"]
[Black "Afonasieva, Anna"]
[Result "0-1"]
[ECO "D30"]
[WhiteElo "1992"]
[BlackElo "2263"]
[Annotator "NA"]
[PlyCount "62"]
[EventDate "2017.??.??"]
[EventType "swiss"]
[EventCountry "ROU"]
[SourceTitle "playchess.com"]
[Source "ChessBase"]
[SourceQuality "1"]
[TimeControl "40/5400+30:1800+30"]

1. d4 d5 2. Nf3 Nf6 3. c4 c6 4. e3 e6 5. Nbd2 c5 6. b3 Nc6 7. Bb2 Be7 8. Be2 O-O 9. O-O cxd4 10. Nxd4 Bd6 11. Nxc6 bxc6 12. Nf3 Qe7 13. cxd5 exd5 14. Rc1 Bd7 15. Ba6 Rab8 16. Re1 Rfd8 17. Nd2 Ng4 18. Nf3 c5 19. h3 Nf6 20. Qc2 Ne4 21. Bd3 h6 22. Bxe4 dxe4 23. Nd2 Bf5 24. Nc4 Rbc8 25. Red1 Bc7 26. Qc3 Qg5 27. Kh1 f6 28. Na3 Qh5 29. Qc4+ Kh8 30. Rd5 Rxd5 31. Qxd5 Rd8 0-1

[Event "EYCC 2017"]
[Site "Mamaia"]
[Date "2017.09.07"]
[Round "3"]
[White "Lazavik, Denis"]
[Black "Murzin, Volodar"]
[Result "1-0"]
[ECO "D71"]
[WhiteElo "1989"]
[BlackElo "2280"]
[Annotator "NA"]
[PlyCount "145"]
[EventDate "2017.??.??"]
[EventType "swiss"]
[EventCountry "ROU"]
[SourceTitle "playchess.com"]
[Source "ChessBase"]
[SourceQuality "1"]
[TimeControl "40/5400+30:1800+30"]

1. d4 Nf6 2. c4 g6 3. g3 c6 4. Bg2 d5 5. cxd5 cxd5 6. Nf3 Bg7 7. Nc3 O-O 8. Ne5 e6 9. O-O Nfd7 10. Nf3 Nf6 11. Ne5 h6 12. Be3 b6 13. Qd2 Kh7 14. Rac1 Bb7 15. f3 Nfd7 16. f4 a6 17. Bf2 Nf6 18. Rfd1 Nbd7 19. Na4 Rb8 20. Qb4 Ne4 21. Be3 g5 22. b3 f5 23. Nxd7 Qxd7 24. Qxb6 Ba8 25. Qxa6 Qf7 26. Nc5 Nxc5 27. Rxc5 Rfd8 28. Qd3 Bf8 29. Rc2 Kg6 30. Rdc1 Bd6 31. Bd2 Bb7 32. e3 Rd7 33. b4 Kf6 34. b5 g4 35. a4 h5 36. a5 Qh7 37. a6 Ba8 38. Rc8 Rd8 39. Rxd8 Rxd8 40. b6 Rh8 41. Qb5 h4 42. Be1 hxg3 43. Bxg3 Rb8 44. b7 Bxb7 45. axb7 Qxb7 46. Qxb7 Rxb7 47. Rc2 Rb1+ 48. Kf2 Ke7 49. Ke2 Kd7 50. Kf2 Bb4 51. Bf1 Be1+ 52. Kg2 Bxg3 53. hxg3 Kd6 54. Be2 Rb3 55. Kf2 Rb1 56. Rc5 Rb2 57. Rb5 Ra2 58. Rb6+ Ke7 59. Ra6 Rb2 60. Ra7+ Kf6 61. Ra1 Rb3 62. Ra2 Ke7 63. Bd1 Rb1 64. Ke2 Rb8 65. Ba4 Rh8 66. Rc2 Rh2+ 67. Kd3 Rh3 68. Rc7+ Kf6 69. Bd7 Rxg3 70. Rc6 Rg1 71. Bxe6 g3 72. Bxd5+ Kg7 73. Rc2 1-0

[Event "EYCC 2017"]
[Site "Mamaia"]
[Date "2017.09.07"]
[Round "3"]
[White "Milikow, Elie"]
[Black "Ermachenko, Manuel"]
[Result "1-0"]
[ECO "B41"]
[WhiteElo "1977"]
[BlackElo "1660"]
[Annotator "NA RC"]
[PlyCount "59"]
[EventDate "2017.??.??"]
[EventType "swiss"]
[EventCountry "ROU"]
[SourceTitle "playchess.com"]
[Source "ChessBase"]
[SourceQuality "1"]
[TimeControl "40/5400+30:1800+30"]

1. e4 c5 2. Nf3 e6 3. d4 cxd4 4. Nxd4 a6 5. c4 Nf6 6. Nc3 Qc7 7. Be2 d6 8. Be3 Nbd7 9. O-O Be7 10. f4 b6 11. Bf3 Bb7 12. Rc1 O-O 13. Qe2 Rac8 14. b3 Nc5 15. Bd2 Rfe8 16. e5 Bxf3 17. Nxf3 Nfd7 18. exd6 Bxd6 19. Ng5 h6 20. Nge4 e5 21. Nd5 Qc6 22. f5 Nxe4 23. Qxe4 Bc5+ 24. Kh1 Nf6 25. Nxf6+ Qxf6 26. Be1 Be7 27. Bg3 Qg5 28. Rcd1 Bf6 29. Bf2 Bd8 30. Bg3 1-0

[Event "EYCC 2017"]
[Site "Mamaia"]
[Date "2017.09.07"]
[Round "3"]
[White "Nilssen, Ellen Fredericia"]
[Black "Goltseva, Ekaterina"]
[Result "0-1"]
[ECO "A13"]
[WhiteElo "1977"]
[BlackElo "2214"]
[Annotator "NA"]
[PlyCount "36"]
[EventDate "2017.??.??"]
[EventType "swiss"]
[EventCountry "ROU"]
[SourceTitle "playchess.com"]
[Source "ChessBase"]
[SourceQuality "1"]
[TimeControl "40/5400+30:1800+30"]

1. Nf3 Nf6 2. c4 e6 3. g3 d5 4. Bg2 dxc4 5. Qa4+ Nbd7 6. Qxc4 a6 7. d4 b5 8. Qc2 Bb7 9. O-O c5 10. Rd1 Rc8 11. Bg5 Qb6 12. Rc1 Be7 13. Ne5 Bxg2 14. Kxg2 O-O 15. Nxd7 Qb7+ 16. Kg1 Qxd7 17. dxc5 Rxc5 18. Qd2 Rd5 0-1

[Event "EYCC 2017"]
[Site "Mamaia"]
[Date "2017.09.07"]
[Round "3"]
[White "Avetisyan, Mariam"]
[Black "Janiashvili, Mariami"]
[Result "1-0"]
[ECO "D37"]
[WhiteElo "1976"]
[BlackElo "1875"]
[Annotator "NA"]
[PlyCount "55"]
[EventDate "2017.??.??"]
[EventType "swiss"]
[EventCountry "ROU"]
[SourceTitle "playchess.com"]
[Source "ChessBase"]
[SourceQuality "1"]
[TimeControl "40/5400+30:1800+30"]

1. d4 d5 2. c4 e6 3. Nc3 Nf6 4. Nf3 dxc4 5. g3 Be7 6. Bg2 O-O 7. O-O Nbd7 8. Qc2 c6 9. a4 Re8 10. Rd1 Qa5 11. Bd2 Qh5 12. Bf4 Nd5 13. Ne4 Nxf4 14. gxf4 Qf5 15. e3 b5 16. Ne5 Nxe5 17. dxe5 Rb8 18. Qe2 Bb7 19. Rd7 f6 20. axb5 cxb5 21. Ng3 Qg6 22. Bxb7 fxe5 23. fxe5 Bc5 24. Be4 Qg5 25. Qh5 Qxh5 26. Nxh5 Re7 27. Rxe7 Bxe7 28. Rxa7 1-0

[Event "EYCC 2017"]
[Site "Mamaia"]
[Date "2017.09.07"]
[Round "3"]
[White "Maurizzi, Marc Andria"]
[Black "Sheka, Nikolay"]
[Result "1-0"]
[ECO "B27"]
[WhiteElo "1947"]
[BlackElo "1644"]
[Annotator "NA"]
[PlyCount "57"]
[EventDate "2017.??.??"]
[EventType "swiss"]
[EventCountry "ROU"]
[SourceTitle "playchess.com"]
[Source "ChessBase"]
[SourceQuality "1"]
[TimeControl "40/5400+30:1800+30"]

1. e4 c5 2. Nf3 g6 3. d4 cxd4 4. Qxd4 Nf6 5. Nc3 Nc6 6. Qa4 d6 7. e5 dxe5 8. Nxe5 Bd7 9. Nxd7 Qxd7 10. Be3 Bg7 11. Rd1 Qc8 12. Be2 O-O 13. O-O a6 14. Qb3 b5 15. a4 bxa4 16. Qxa4 Ne5 17. Nd5 Nxd5 18. Rxd5 Qb7 19. Rfd1 e6 20. Rd6 Qxb2 21. f4 f5 22. Bd4 Nf3+ 23. Bxf3 Bxd4+ 24. Qxd4 Qxc2 25. Bxa8 Rxa8 26. Rd8+ Rxd8 27. Qxd8+ Kg7 28. Rd7+ Kh6 29. Qh4# 1-0

[Event "EYCC 2017"]
[Site "Mamaia"]
[Date "2017.09.07"]
[Round "3"]
[White "Can, Isil"]
[Black "Nguyen, Thao Nhi"]
[Result "1-0"]
[ECO "B02"]
[WhiteElo "1945"]
[BlackElo "1747"]
[Annotator "NA"]
[PlyCount "71"]
[EventDate "2017.??.??"]
[EventType "swiss"]
[EventCountry "ROU"]
[SourceTitle "playchess.com"]
[Source "ChessBase"]
[SourceQuality "1"]
[TimeControl "40/5400+30:1800+30"]

1. e4 Nf6 2. e5 Nd5 3. c4 Nb6 4. d4 d6 5. Nf3 dxe5 6. Nxe5 c6 7. Be3 Bf5 8. Nc3 N8d7 9. Nf3 e6 10. Bd3 Bxd3 11. Qxd3 Be7 12. O-O O-O 13. a4 Nf6 14. Ne5 Nc8 15. Rad1 Qc7 16. f4 Rd8 17. Qe2 Nd6 18. Rf3 Nf5 19. g4 Nxe3 20. Rxe3 Nd7 21. Rh3 Nxe5 22. fxe5 h6 23. Qf2 c5 24. Rf1 Bg5 25. Nb5 Qe7 26. Nd6 Rd7 27. dxc5 Rad8 28. Rf3 Bh4 29. Qe3 Bg5 30. Qe4 Rf8 31. Rxf7 Rxf7 32. Rxf7 Qd8 33. Qg6 Rxf7 34. Qxf7+ Kh8 35. b4 Be7 36. Qxe6 1-0